[Event "African Games-chT 2019"]
[Site "Casablanca"]
[Date "2019.08.24"]
[Round "2.19"]
[White "Ogbiyoyo, Perpetual Eloho"]
[Black "Francis, Onkemetse"]
[Result "1/2-1/2"]
[ECO "C77"]
[WhiteElo "1831"]
[BlackElo "1792"]
[Annotator "NA"]
[PlyCount "132"]
[EventDate "2019.08.24"]
[EventType "team-tourn"]
[EventCountry "MAR"]
[SourceTitle "playchess.com"]
[Source "ChessBase"]
[SourceQuality "1"]
[WhiteTeam "Nigeria"]
[BlackTeam "Botswana"]
[WhiteTeamCountry "NGR"]
[BlackTeamCountry "BOT"]
[TimeControl "900+10"]

1. e4 e5 2. Nf3 Nc6 3. Bb5 a6 4. Ba4 Nf6 5. d3 b5 6. Bb3 Bc5 7. O-O d6 8. h3 Na5 9. Bg5 Nxb3 10. axb3 h6 11. Bh4 Be6 12. c3 Bb6 13. Re1 O-O 14. d4 exd4 15. cxd4 Qc8 16. Bxf6 gxf6 17. Nc3 Kg7 18. d5 Bd7 19. Nh4 Rg8 20. Qh5 Qf8 21. Nd1 Kh7 22. Kh2 Qg7 23. Ne3 Qg5 24. Qxg5 fxg5 25. Nhf5 Bxf5 26. exf5 Kg7 27. g4 a5 28. Kg2 Rge8 29. Nc2 Kf6 30. Na3 b4 31. Nc4 Rxe1 32. Rxe1 Rc8 33. Kg3 Ra8 34. f4 Bd4 35. Kf3 a4 36. Rd1 Bc5 37. Ra1 a3 38. bxa3 bxa3 39. Ra2 Rb8 40. Nd2 Rb4 41. fxg5+ hxg5 42. Ne4+ Kg7 43. Nxc5 dxc5 44. Rxa3 Rd4 45. Ra7 Rxd5 46. Rxc7 Rd3+ 47. Ke4 Rxh3 48. Rxc5 Rxb3 49. Rc4 Kf6 50. Rc6+ Kg7 51. Rc4 Rb5 52. Rd4 Rb3 53. Ke5 Rb5+ 54. Kd6 Kf6 55. Kc6 Re5 56. Rd6+ Kg7 57. Rd4 Re3 58. Kd6 Kf6 59. Kd7 Rf3 60. Re4 Rf4 61. Re8 Rxg4 62. Kd6 Kxf5 63. Rf8 f6 64. Ke7 Re4+ 65. Kd6 g4 66. Kd5 Re5+ 1/2-1/2

[Event "African Games-chT 2019"]
[Site "Casablanca"]
[Date "2019.08.24"]
[Round "2.20"]
[White "Gabatshwarwe Refilwe"]
[Black "Ofowino, Toritsemuwa"]
[Result "1/2-1/2"]
[ECO "D02"]
[WhiteElo "1649"]
[BlackElo "1877"]
[Annotator "NA"]
[PlyCount "186"]
[EventDate "2019.08.24"]
[EventType "team-tourn"]
[EventCountry "MAR"]
[SourceTitle "playchess.com"]
[Source "ChessBase"]
[SourceQuality "1"]
[WhiteTeam "Botswana"]
[BlackTeam "Nigeria"]
[WhiteTeamCountry "BOT"]
[BlackTeamCountry "NGR"]
[TimeControl "900+10"]

1. d4 d5 2. Nf3 Nf6 3. Bf4 c5 4. e3 Qb6 5. Nc3 e6 6. Be2 a6 7. Rb1 Be7 8. h3 Nc6 9. O-O O-O 10. a3 cxd4 11. exd4 Bd7 12. Re1 Rfc8 13. Na2 Na5 14. c3 Ba4 15. Qxa4 Nc4 16. Ne5 Nxe5 17. Bxe5 Ne4 18. Qd1 Nd6 19. Bxd6 Bxd6 20. Nb4 Rc7 21. Nd3 Rac8 22. Bf3 Bf8 23. Qe2 Bd6 24. g3 Qa5 25. Bg2 Qb5 26. Ne5 Qe8 27. Nd3 Qb5 28. Nf4 Qd7 29. Nd3 Qb5 30. Bf3 Rf8 31. Bg2 Rcc8 32. Ne5 Qe8 33. Nd3 Qb5 34. Bf1 Qd7 35. Rbd1 Qd8 36. Qf3 Qc7 37. Rd2 Qd7 38. Bg2 Qb5 39. Ne5 Rc7 40. Qd3 Qa4 41. Qc2 Qe8 42. Rde2 Qc8 43. Qd2 Qd8 44. Nf3 Qd7 45. Qd3 h6 46. Rc1 Rfc8 47. Rec2 b5 48. a4 Rc4 49. Ne5 Bxe5 50. dxe5 Rxa4 51. b3 Ra3 52. b4 Qc7 53. Qd4 Ra4 54. Bf1 Qb8 55. Qe3 Rc6 56. Bd3 Qc7 57. Be2 Ra3 58. Bf3 Rc4 59. Qe1 Qc6 60. Bg2 Ra4 61. Ra1 Raxb4 62. cxb4 Rxc2 63. Qe3 Rc3 64. Qd2 Rc4 65. Qb2 Qc8 66. Bf1 Rc2 67. Qa3 Rc6 68. h4 Qc7 69. Qb2 Rc2 70. Qd4 Rc6 71. Ra3 g6 72. Qa1 Qb6 73. Rc3 Qc7 74. Ra3 Rc1 75. Qd4 Rc6 76. Qf4 Kg7 77. Qf6+ Kh7 78. Rf3 Kg8 79. h5 Rc3 80. Rxc3 Qxc3 81. hxg6 Qc7 82. gxf7+ Qxf7 83. Qxh6 Qf5 84. Bh3 Qb1+ 85. Kh2 Qh7 86. Bxe6+ Kh8 87. Qxh7+ Kxh7 88. Bxd5 Kg6 89. f4 Kg7 90. Kh3 Kf8 91. Bb7 a5 92. bxa5 b4 93. Bd5 Ke7 1/2-1/2

[Event "African Games-chT 2019"]
[Site "Casablanca"]
[Date "2019.08.24"]
[Round "2.21"]
[White "Mesfin, Leykun"]
[Black "Mwale, Joseph"]
[Result "1-0"]
[ECO "C77"]
[WhiteElo "2151"]
[BlackElo "2231"]
[Annotator "NA"]
[PlyCount "178"]
[EventDate "2019.08.24"]
[EventType "team-tourn"]
[EventCountry "MAR"]
[SourceTitle "playchess.com"]
[Source "ChessBase"]
[SourceQuality "1"]
[WhiteTeam "Ethiopia"]
[BlackTeam "MAW"]
[WhiteTeamCountry "ETH"]
[TimeControl "900+10"]

1. e4 e5 2. Nf3 Nc6 3. Bb5 a6 4. Ba4 Nf6 5. d3 b5 6. Bb3 Bc5 7. c3 d6 8. h3 O-O 9. O-O Bb6 10. Be3 Bxe3 11. fxe3 Ne7 12. Qe2 Ng6 13. Nbd2 Bb7 14. Rf2 c5 15. Raf1 Qe7 16. Nh2 Bc8 17. Ng4 Bxg4 18. hxg4 h6 19. g5 hxg5 20. Nf3 Ng4 21. Nh4 c4 22. Nxg6 fxg6 23. Rxf8+ Rxf8 24. Rxf8+ Qxf8 25. dxc4 Nf6 26. cxb5+ Kh7 27. bxa6 Qa8 28. Qc4 g4 29. Qd3 g3 30. Bd5 Qa7 31. Kf1 Ng4 32. Ke2 Nf2 33. Qc4 Ng4 34. Qd3 Nf2 35. Qb1 Qxa6+ 36. c4 Qc8 37. Qe1 Qg4+ 38. Kd2 Nxe4+ 39. Bxe4 Qxe4 40. Qe2 Qb1 41. Kc3 Qxa2 42. Qc2 Qa5+ 43. Kd3 e4+ 44. Ke2 Qf5 45. Ke1 Qe5 46. Qe2 Qa5+ 47. Kd1 Qa4+ 48. Kc1 Qb3 49. Kb1 Kg8 50. Ka1 Kf7 51. Kb1 Ke7 52. Ka1 Kd8 53. Kb1 Kc7 54. Qd2 g5 55. Qd4 g4 56. Qxg7+ Kc6 57. Qd4 Kc7 58. Kc1 Qb4 59. Qxe4 Kb6 60. Kc2 Qe1 61. Qd4+ Kc7 62. Qd2 Qf1 63. Kb3 Qf2 64. Kc3 Qf6+ 65. Qd4 Qf1 66. Qd2 Qf6+ 67. Kc2 Qf5+ 68. Kb3 Qf2 69. Kc3 Qf6+ 70. Qd4 Qf1 71. Qd5 Qe1+ 72. Qd2 Qf1 73. b4 Qa1+ 74. Kb3 Qb1+ 75. Ka4 Qe4 76. Qd5 Qxe3 77. b5 Qa7+ 78. Kb4 Qb6 79. Qf7+ Kd8 80. Qg8+ Ke7 81. Qg5+ Kf7 82. Qd5+ Kf6 83. Qc6 Qd4 84. b6 Qb2+ 85. Ka5 Qa3+ 86. Kb5 Qb2+ 87. Ka6 Qa2+ 88. Kb7 Qa5 89. Kb8 Ke7 1-0

[Event "African Games-chT 2019"]
[Site "Casablanca"]
[Date "2019.08.24"]
[Round "2.22"]
[White "Mphungu, Gerrard"]
[Black "Gole, Habtamu Ashenafi"]
[Result "1-0"]
[ECO "D66"]
[WhiteElo "2107"]
[BlackElo "2046"]
[Annotator "NA"]
[PlyCount "88"]
[EventDate "2019.08.24"]
[EventType "team-tourn"]
[EventCountry "MAR"]
[SourceTitle "playchess.com"]
[Source "ChessBase"]
[SourceQuality "1"]
[WhiteTeam "MAW"]
[BlackTeam "Ethiopia"]
[BlackTeamCountry "ETH"]
[TimeControl "900+10"]

1. d4 Nf6 2. c4 e6 3. Nc3 d5 4. Bg5 Nbd7 5. e3 Be7 6. Nf3 O-O 7. Rc1 c6 8. Bd3 a6 9. O-O dxc4 10. Bxc4 b5 11. Bd3 Bb7 12. Bxf6 Nxf6 13. Ne4 Nxe4 14. Bxe4 Rc8 15. Ne5 Bd6 16. h3 Bxe5 17. dxe5 Qxd1 18. Rfxd1 Rfd8 19. b4 Kf8 20. Kf1 Ke7 21. Ke2 h6 22. h4 f6 23. Rc5 Rxd1 24. Kxd1 fxe5 25. Rxe5 a5 26. a3 axb4 27. axb4 Ra8 28. Kd2 Ra2+ 29. Bc2 Kd6 30. f4 Bc8 31. g4 Ra1 32. g5 hxg5 33. Rxg5 Rh1 34. h5 Bd7 35. Bd1 Be8 36. Be2 Rh2 37. Ke1 Bf7 38. Kd2 Be8 39. Kd3 Bf7 40. Bf3 Be8 41. e4 Rh3 42. Ke3 Ke7 43. e5 Rh2 {[%emt 0:01:16] Kf2 c5+} 44. Bg2 Rxh5 {[%emt 0:00:06] bxc5} 1-0

[Event "African Games-chT 2019"]
[Site "Casablanca"]
[Date "2019.08.24"]
[Round "2.23"]
[White "Haile, Lidet Abate"]
[Black "Nkhoma, Desiderata"]
[Result "1-0"]
[ECO "C62"]
[WhiteElo "1593"]
[BlackElo "1481"]
[Annotator "NA"]
[PlyCount "115"]
[EventDate "2019.08.24"]
[EventType "team-tourn"]
[EventCountry "MAR"]
[SourceTitle "playchess.com"]
[Source "ChessBase"]
[SourceQuality "1"]
[WhiteTeam "Ethiopia"]
[BlackTeam "MAW"]
[WhiteTeamCountry "ETH"]
[TimeControl "900+10"]

1. e4 e5 2. Nf3 Nc6 3. Bb5 d6 4. c3 Be7 5. d4 Bd7 6. Bxc6 bxc6 7. dxe5 dxe5 8. Nxe5 Nf6 9. Nxd7 Nxd7 10. O-O O-O 11. Bf4 Qc8 12. Nd2 Nc5 13. Qe2 Qe6 14. Bxc7 Bd6 15. Bxd6 Qxd6 16. Qe3 Ne6 17. Rfd1 Qe5 18. Nf3 Qh5 19. Nd4 Rad8 20. Qe1 Nf4 21. Qe3 Ne6 22. h3 c5 23. Nf3 h6 24. Qe1 Nf4 25. Qe3 Ne6 26. c4 Ng5 27. Rd5 Nxf3+ 28. Qxf3 Qxf3 29. gxf3 Rc8 30. Rad1 Rc7 31. b3 Rfc8 32. Rd8+ Rxd8 33. Rxd8+ Kh7 34. Kg2 Kg6 35. Rd5 f6 36. Kg3 Kf7 37. Kg4 Kg6 38. h4 Kf7 39. h5 Ke7 40. Kf5 Kf7 41. f4 a5 42. e5 fxe5 43. fxe5 Kg8 44. e6 Kf8 45. f4 Ke7 46. Rd7+ Rxd7 47. exd7 Kxd7 48. Kg6 Ke6 49. Kxg7 Kf5 50. Kxh6 Kxf4 51. Kg6 Ke4 52. h6 Kd4 53. h7 Kc3 54. h8=Q+ Kb4 55. Qb2 a4 56. a3+ Ka5 57. b4+ Ka6 58. bxc5 1-0

[Event "African Games-chT 2019"]
[Site "Casablanca"]
[Date "2019.08.24"]
[Round "2.24"]
[White "Msukwa, Tupokiwe"]
[Black "Eshete, Ruth Leykun"]
[Result "1/2-1/2"]
[ECO "D37"]
[WhiteElo "1289"]
[BlackElo "1495"]
[Annotator "NA"]
[PlyCount "37"]
[EventDate "2019.08.24"]
[EventType "team-tourn"]
[EventCountry "MAR"]
[SourceTitle "playchess.com"]
[Source "ChessBase"]
[SourceQuality "1"]
[WhiteTeam "MAW"]
[BlackTeam "Ethiopia"]
[BlackTeamCountry "ETH"]
[TimeControl "900+10"]

1. d4 d5 2. c4 e6 3. Nc3 Nf6 4. Nf3 Be7 5. e3 O-O 6. Be2 Nbd7 7. Qc2 dxc4 8. Bxc4 Nb6 9. Bd3 h6 10. Bd2 Bd7 11. h4 Rc8 12. Ne5 Be8 13. g4 Nfd5 14. g5 Nb4 15. Qb1 Nxd3+ 16. Qxd3 h5 17. O-O-O Bd6 18. Nf3 c5 19. Kb1 1/2-1/2

[Event "African Games-chT 2019"]
[Site "Casablanca"]
[Date "2019.08.24"]
[Round "2.26"]
[White "Eichab, Charles"]
[Black "Traore, Bakary"]
[Result "0-1"]
[ECO "A15"]
[WhiteElo "2016"]
[BlackElo "2189"]
[Annotator "NA"]
[PlyCount "86"]
[EventDate "2019.08.24"]
[EventType "team-tourn"]
[EventCountry "MAR"]
[SourceTitle "playchess.com"]
[Source "ChessBase"]
[SourceQuality "1"]
[WhiteTeam "Namibia"]
[BlackTeam "Mali"]
[WhiteTeamCountry "NAM"]
[BlackTeamCountry "MLI"]
[TimeControl "900+10"]

1. c4 Nf6 2. g3 g6 3. Bg2 Bg7 4. Nc3 e5 5. Rb1 Nc6 6. d3 O-O 7. b4 d6 8. Nf3 Nd4 9. e3 Nxf3+ 10. Qxf3 a5 11. Qd1 axb4 12. Rxb4 c6 13. O-O Qc7 14. Qb3 Nd7 15. Bd2 Nc5 16. Qc2 Bf5 17. e4 Bg4 18. Be3 Be6 19. Rfb1 Bc8 20. f4 f5 21. fxe5 Na6 22. R4b2 dxe5 23. Na4 f4 24. Bf2 Rf7 25. Nb6 Rb8 26. Nxc8 Qxc8 27. gxf4 exf4 28. d4 Qg4 29. Kh1 c5 30. dxc5 Bxb2 31. Rxb2 f3 32. Bf1 Re8 33. h3 Qxe4 34. Qxe4 Rxe4 35. Rb6 Re2 36. Kg1 Rxa2 37. c6 bxc6 38. Rxc6 Nb4 39. Rc8+ Kg7 40. c5 Rf5 41. Rc7+ Kf8 42. h4 Rf4 43. Bg3 Rg4 0-1

[Event "African Games-chT 2019"]
[Site "Casablanca"]
[Date "2019.08.24"]
[Round "2.29"]
[White "Amba, Oyon Marius Claude"]
[Black "Asante Debesai Zerabruk"]
[Result "0-1"]
[ECO "B18"]
[WhiteElo "1911"]
[BlackElo "1712"]
[Annotator "NA"]
[PlyCount "244"]
[EventDate "2019.08.24"]
[EventType "team-tourn"]
[EventCountry "MAR"]
[SourceTitle "playchess.com"]
[Source "ChessBase"]
[SourceQuality "1"]
[WhiteTeam "CMR"]
[BlackTeam "Eritrea"]
[BlackTeamCountry "ERI"]
[TimeControl "900+10"]

1. e4 c6 2. Nc3 d5 3. d4 dxe4 4. Nxe4 Bf5 5. Ng3 Bg6 6. Nf3 e6 7. Bd3 Bxd3 8. Qxd3 Nd7 9. O-O Be7 10. Bf4 Ngf6 11. Rad1 O-O 12. c4 Re8 13. Ne5 Nxe5 14. Bxe5 Bd6 15. f4 Ng4 16. Qf3 Qh4 17. h3 Nxe5 18. fxe5 Bc7 19. Qxf7+ Kh8 20. Nh5 Qg5 21. Rf3 h6 22. Rg3 Re7 23. Qf3 Qf5 24. Qe2 Rf7 25. Qg4 Qxg4 26. Rxg4 Raf8 27. Rd2 c5 28. Ng3 cxd4 29. Kh2 Bxe5 30. Re4 Rf5 31. h4 Bxg3+ 32. Kxg3 e5 33. Rde2 Re8 34. Rxd4 Kg8 35. Rd7 Rf7 36. Rxf7 Kxf7 37. Rd2 Ke6 38. Kf3 g6 39. Ke4 Rf8 40. g3 Rf1 41. Re2 Rg1 42. Re3 Rg2 43. Rb3 b6 44. a4 Re2+ 45. Kf3 Rc2 46. Rb4 h5 47. Ke3 Kf5 48. a5 e4 49. axb6 axb6 50. Rb5+ Kg4 51. Rg5+ Kh3 52. Rxg6 Rxb2 53. Kxe4 Rb4 54. Kd5 Rb3 55. Rg5 Rd3+ 56. Kc6 Rc3 57. Kb5 Rb3+ 58. Ka4 Rc3 59. Kb4 Re3 60. Rxh5 Kxg3 61. Rh6 Kf4 62. Rxb6 Ke5 63. Kc5 Re4 64. h5 Rh4 65. Rh6 Rh1 66. Rh8 Ra1 67. Re8+ Kf6 68. h6 Rh1 69. Rd8 Ke7 70. Rh8 Kd7 71. Rh7+ Ke6 72. Kc6 Ra1 73. c5 Ra6+ 74. Kb7 Ra1 75. c6 Rb1+ 76. Kc8 Kd6 77. Rb7 Rh1 78. h7 Kxc6 79. Rg7 Kd6 80. Kd8 Ke6 81. Ke8 Kf6 82. Kf8 Rb1 83. Rf7+ Kg6 84. h8=N+ Kg5 85. Rg7+ Kf4 86. Ng6+ Ke4 87. Re7+ Kd4 88. Kf7 Rf1+ 89. Ke8 Ra1 90. Rd7+ Ke4 91. Ke7 Ra6 92. Nf8 Ke5 93. Rc7 Ra2 94. Rc5+ Ke4 95. Ne6 Ra7+ 96. Kf6 Ra6 97. Re5+ Kf3 98. Kf5 Ra8 99. Ng5+ Kf2 100. Re4 Rf8+ 101. Kg4 Rg8 102. Re5 Rg7 103. Kf4 Rg8 104. Ne4+ Kg2 105. Ke3 Rg7 106. Rf5 Rg8 107. Rf2+ Kh3 108. Rf3+ Kg2 109. Rf2+ Kh3 110. Nf6 Rg3+ 111. Kf4 Ra3 112. Rf1 Ra4+ 113. Ne4 Kg2 114. Rf3 Kh2 115. Rd3 Kg2 116. Rd8 Kf1 117. Rg8 Ke2 118. Rg3 Kf1 119. Rc3 Ke2 120. Rb3 Rc4 121. Rb2+ Kf1 122. Kf3 Ke1 0-1

[Event "African Games-chT 2019"]
[Site "Casablanca"]
[Date "2019.08.24"]
[Round "2.37"]
[White "Kourakoumba, Florent"]
[Black "Rita, Jeorciley"]
[Result "0-1"]
[ECO "C50"]
[WhiteElo "1677"]
[BlackElo "1920"]
[Annotator "NA"]
[PlyCount "218"]
[EventDate "2019.08.24"]
[EventType "team-tourn"]
[EventCountry "MAR"]
[SourceTitle "playchess.com"]
[Source "ChessBase"]
[SourceQuality "1"]
[WhiteTeam "CAF"]
[BlackTeam "STP"]
[TimeControl "900+10"]

1. e4 e5 2. Bc4 Bc5 3. Nf3 Nc6 4. O-O Nf6 5. d3 h6 6. c3 O-O 7. a4 a5 8. Nbd2 d6 9. h3 Be6 10. Bxe6 fxe6 11. Nb3 Ba7 12. Kh1 Nh5 13. Nh2 Nf4 14. Bxf4 Rxf4 15. f3 Qg5 16. Qe1 Raf8 17. Nd2 Ne7 18. Rd1 Ng6 19. g3 R4f7 20. h4 Qh5 21. Kg2 d5 22. Rh1 Ne7 23. g4 Qg6 24. Nhf1 Rf4 25. Qg3 Nc6 26. Re1 Rd8 27. h5 Qf6 28. Qh4 Rf8 29. Qxf6 R8xf6 30. Ng3 Rf8 31. Ne2 R4f7 32. Ref1 Be3 33. Nb3 b6 34. Ng3 Rb8 35. Nc1 b5 36. axb5 Rxb5 37. b3 Bxc1 38. Rxc1 Rxb3 39. Rc2 d4 40. Ne2 dxc3 41. Rxc3 Rxc3 42. Nxc3 Nd4 43. Rf1 Nc2 44. Rb1 Rd7 45. Nb5 c6 46. Nc3 Rxd3 47. Rb8+ Kf7 48. Rb7+ Kf6 49. Na4 Nd4 50. Nc5 Rd2+ 51. Kg3 Ne2+ 52. Kf2 Nf4+ 53. Ke1 Re2+ 54. Kf1 g6 55. hxg6 Kxg6 56. Nxe6 Ra2 57. Nxf4+ exf4 58. Rb6 Rc2 59. Ra6 Rc5 60. Ke2 Kg5 61. Kd3 Kh4 62. Kd4 Rc1 63. Rxa5 Kg3 64. e5 Kxf3 65. e6 Rd1+ 66. Ke5 Re1+ 67. Kf5 Kg3 68. Re5 Rxe5+ 69. Kxe5 f3 70. e7 f2 71. e8=Q f1=Q 72. Qxc6 Qf4+ 73. Ke6 Qxg4+ 74. Ke7 Qg7+ 75. Kd8 Qf8+ 76. Kc7 Qe7+ 77. Kb6 Qe3+ 78. Kc7 Qf4+ 79. Kb6 h5 80. Qc3+ Kg2 81. Qg7+ Qg3 82. Qb7+ Kh2 83. Kc5 h4 84. Qb2+ Kg1 85. Qc1+ Kg2 86. Qh6 h3 87. Kc4 h2 88. Qd2+ Qf2 89. Qg5+ Kf1 90. Qc1+ Ke2 91. Qc2+ Kf3 92. Qf5+ Kg3 93. Qg5+ Kh3 94. Kb5 h1=Q 95. Qh6+ Kg2 96. Qg5+ Kf1 97. Qc1+ Kg2 98. Qg5+ Kh3 99. Qh6+ Qh4 100. Qe3+ Kh2 101. Qe5+ Kg1 102. Qa1+ Kf2 103. Qb2+ Kf3 104. Qc3+ Kf4 105. Qc7+ Kf5 106. Qf7+ Qf6 107. Qd7+ Kg6 108. Qe8+ Kh6 109. Qe3+ Qg5+ 0-1

[Event "African Games-chT 2019"]
[Site "Casablanca"]
[Date "2019.08.24"]
[Round "2.38"]
[White "Espirito Santo, Waldyr"]
[Black "Koualet-Bebondi, Vianney Archeveq"]
[Result "1-0"]
[ECO "C41"]
[WhiteElo "1923"]
[BlackElo "1679"]
[Annotator "NA"]
[PlyCount "33"]
[EventDate "2019.08.24"]
[EventType "team-tourn"]
[EventCountry "MAR"]
[SourceTitle "playchess.com"]
[Source "ChessBase"]
[SourceQuality "1"]
[WhiteTeam "STP"]
[BlackTeam "CAF"]
[TimeControl "900+10"]

1. e4 e5 2. Nf3 d6 3. Bc4 Be7 4. Nc3 c6 5. d3 Nd7 6. h3 Nb6 7. Bb3 h6 8. O-O Nf6 9. Nh2 O-O 10. f4 Nh7 11. fxe5 dxe5 12. Ng4 Bd6 13. Nxh6+ gxh6 14. Bxh6 Bd7 15. Qh5 Qe7 16. Qg6+ Kh8 17. Qg7# 1-0

[Event "African Games-chT 2019"]
[Site "Casablanca"]
[Date "2019.08.24"]
[Round "3.3"]
[White "Wafa, Shrook"]
[Black "Nassr, Lina"]
[Result "1-0"]
[ECO "B40"]
[WhiteElo "2183"]
[BlackElo "1938"]
[Annotator "NA"]
[PlyCount "74"]
[EventDate "2019.08.24"]
[EventType "team-tourn"]
[EventCountry "MAR"]
[SourceTitle "playchess.com"]
[Source "ChessBase"]
[SourceQuality "1"]
[WhiteTeam "Egypt"]
[BlackTeam "Algeria"]
[WhiteTeamCountry "EGY"]
[BlackTeamCountry "ALG"]
[TimeControl "900+10"]

1. e4 c5 2. Nf3 e6 3. c4 Nc6 4. d4 cxd4 5. Nxd4 Nf6 6. Nc3 Bb4 7. Qd3 d6 8. Be2 O-O 9. O-O a6 10. Be3 Qc7 11. f4 Bc5 12. Kh1 Rd8 13. Nxc6 bxc6 14. Bxc5 dxc5 15. Qe3 e5 16. Qxc5 exf4 17. e5 Nd7 18. Qe7 Rf8 19. Rad1 Ra7 20. Rd6 Nc5 21. Qxc7 Rxc7 22. Rxf4 Be6 23. b3 Nb7 24. Rd1 Re8 25. h3 h6 26. Bf3 Bc8 27. Re4 Nc5 28. Re2 Bb7 29. b4 Ne6 30. c5 Ng5 31. Rd6 Nxf3 32. gxf3 Rce7 33. f4 Re6 34. Rxe6 Rxe6 35. Rd2 Kf8 36. Rd7 Re7 37. Rxe7 Kxe7 1-0

[Event "African Games-chT 2019"]
[Site "Casablanca"]
[Date "2019.08.24"]
[Round "3.4"]
[White "Latreche, Sabrina"]
[Black "Wafa, Shahenda"]
[Result "0-1"]
[ECO "B31"]
[WhiteElo "2064"]
[BlackElo "2139"]
[Annotator "NA"]
[PlyCount "90"]
[EventDate "2019.08.24"]
[EventType "team-tourn"]
[EventCountry "MAR"]
[SourceTitle "playchess.com"]
[Source "ChessBase"]
[SourceQuality "1"]
[WhiteTeam "Algeria"]
[BlackTeam "Egypt"]
[WhiteTeamCountry "ALG"]
[BlackTeamCountry "EGY"]
[TimeControl "900+10"]

1. e4 c5 2. Nf3 Nc6 3. Bb5 g6 4. O-O Bg7 5. Re1 e5 6. Bc4 d6 7. h3 Nge7 8. Nc3 O-O 9. d3 Na5 10. Bd5 Nxd5 11. Nxd5 Nc6 12. c4 h6 13. a3 a5 14. Bd2 f5 15. Bc3 fxe4 16. dxe4 Nd4 17. Bxd4 cxd4 18. Rc1 Be6 19. Qb3 Rf7 20. Nd2 Qh4 21. Qg3 Qh5 22. Nf1 Raf8 23. Rc2 g5 24. Nh2 Qg6 25. h4 Kh7 26. hxg5 hxg5 27. Ng4 Qh5 28. f3 Rh8 29. Qh3 Qxh3 30. gxh3 Rxf3 31. Kg2 Rhf8 32. Rh1 Kg8 33. Ne7+ Kh7 34. Nf5 Rf4 35. Nxd6 Kg6 36. Nxe5+ Bxe5 37. Nxb7 Rxe4 38. Nxa5 d3 39. Rd2 Re3 40. b3 Bc3 41. Rf2 Rxf2+ 42. Kxf2 Re2+ 43. Kf3 Bxa5 44. Rd1 Bf5 45. b4 Bc7 0-1

[Event "African Games-chT 2019"]
[Site "Casablanca"]
[Date "2019.08.24"]
[Round "3.5"]
[White "Oatlhotse, Providence"]
[Black "Hamdouchi, Hicham"]
[Result "1/2-1/2"]
[ECO "A40"]
[WhiteElo "2252"]
[BlackElo "2562"]
[Annotator "ChessBase"]
[PlyCount "199"]
[EventDate "2019.08.24"]
[EventType "team-tourn"]
[EventCountry "MAR"]
[SourceTitle "playchess.com"]
[Source "ChessBase"]
[SourceQuality "1"]
[WhiteTeam "Botswana"]
[BlackTeam "Morocco"]
[WhiteTeamCountry "BOT"]
[BlackTeamCountry "MAR"]
[TimeControl "900+10"]

1. d4 g6 2. c4 Bg7 3. e4 d6 4. Be2 Nc6 5. d5 Nd4 6. Nf3 Nxf3+ 7. Bxf3 Nf6 8. Nc3 O-O 9. Be3 Nd7 10. Qd2 c5 11. Be2 a6 12. h4 b5 13. h5 Nf6 14. Bh6 b4 15. Bxg7 Kxg7 16. Nd1 Nxe4 17. Qf4 Nf6 18. Ne3 Rh8 19. h6+ Kf8 20. O-O-O Rg8 21. Bd3 Nd7 22. Ng4 Nb6 23. Rde1 Bxg4 24. Qxg4 Nd7 25. f4 Nf6 26. Qf3 Qd7 27. f5 g5 28. Re2 Ra7 29. Rhe1 Ke8 30. g4 Kd8 31. Qg3 Re8 32. Bc2 a5 33. Kb1 a4 34. Bd3 Qc7 35. Re3 Nd7 36. Re4 f6 37. Re6 Ne5 38. Be2 Kc8 39. Rd1 Kb8 40. Qh2 Rf8 41. Qh5 Qa5 42. Qh1 Rb7 43. Qe1 Qa6 44. Qf1 Qa5 45. Qe1 Qd8 46. Qg3 Rh8 47. Qh2 Qf8 48. Rh1 Qd8 49. Rd1 Rg8 50. Rh1 Qa5 51. Rd1 Qd8 52. Qh3 Qf8 53. Qh2 Qd8 54. Qh1 Qf8 55. Qh5 Qd8 56. Rc1 Rf8 57. Qh1 Qa5 58. Rd1 Qd8 59. Qh5 Qe8 60. Qh3 Qd8 61. Qe3 Rg8 62. Rh1 Qa5 63. Qd2 Qa6 64. Rh5 a3 65. b3 Qb6 66. Qe3 Qd8 67. Rh1 Rc7 68. Kc2 Qf8 69. Kd1 Qd8 70. Ke1 Qf8 71. Kf1 Qd8 72. Kg2 Qf8 73. Qg3 Qd8 74. Qh3 Qf8 75. Kf2 Qd8 76. Ke3 Qf8 77. Ke4 Qd8 78. Qg3 Qf8 79. Rh5 Qd8 80. Qe3 Nf7 81. Kd3 Ne5+ 82. Kc2 Qf8 83. Qe4 Qd8 84. Rh3 Qf8 85. Qh1 Qd8 86. Bd1 Qf8 87. Re3 Qd8 88. Qh2 Qf8 89. Qh1 Qd8 90. Qh5 Qf8 91. Be2 Rd7 92. Qh2 Rc7 93. Kd2 Nf7 94. Rh3 Ne5 95. Qg1 Qd8 96. Qh2 Qf8 97. Kd1 Qd8 98. Rh5 Qf8 99. Qh1 Qd8 100. Qh2 1/2-1/2

[Event "African Games-chT 2019"]
[Site "Casablanca"]
[Date "2019.08.24"]
[Round "3.6"]
[White "Tissir, Mohamed"]
[Black "Khetho, Phemelo"]
[Result "1-0"]
[ECO "C49"]
[WhiteElo "2379"]
[BlackElo "2178"]
[Annotator "NA"]
[PlyCount "100"]
[EventDate "2019.08.24"]
[EventType "team-tourn"]
[EventCountry "MAR"]
[SourceTitle "playchess.com"]
[Source "ChessBase"]
[SourceQuality "1"]
[WhiteTeam "Morocco"]
[BlackTeam "Botswana"]
[WhiteTeamCountry "MAR"]
[BlackTeamCountry "BOT"]
[TimeControl "900+10"]

1. e4 e5 2. Nf3 Nf6 3. Nc3 Nc6 4. Bb5 Bb4 5. O-O O-O 6. d3 Bxc3 7. bxc3 d6 8. Re1 a6 9. Bxc6 bxc6 10. d4 Qe7 11. Bg5 h6 12. Bh4 Bg4 13. Qd3 Bxf3 14. Qxf3 g5 15. Bg3 Nd7 16. Rab1 Rab8 17. Rb3 Rxb3 18. axb3 c5 19. Qd3 Ra8 20. f3 a5 21. Ra1 cxd4 22. cxd4 exd4 23. Qxd4 Qf6 24. Qxf6 Nxf6 25. Be1 Kf8 26. Rxa5 Rc8 27. h4 Nh7 28. Bd2 f6 29. Ra7 Ke7 30. Kf2 Nf8 31. hxg5 hxg5 32. Ra1 Ng6 33. Rh1 Ke6 34. Rh6 Rg8 35. Rh7 Ne7 36. Ke3 Ra8 37. g3 c5 38. f4 gxf4+ 39. gxf4 f5 40. Rh6+ Kd7 41. e5 d5 42. Be1 Ra2 43. Kd2 d4 44. Bh4 Nc6 45. e6+ Kc7 46. Rh8 Kd6 47. e7 Nxe7 48. Rh6+ Kd5 49. Bxe7 Ke4 50. Bxc5 Kd5 1-0

[Event "African Games-chT 2019"]
[Site "Casablanca"]
[Date "2019.08.24"]
[Round "3.7"]
[White "Francis, Onkemetse"]
[Black "Mayar ElIdrissi, Firdaous"]
[Result "1-0"]
[ECO "B23"]
[WhiteElo "1792"]
[BlackElo "1760"]
[Annotator "NA"]
[PlyCount "95"]
[EventDate "2019.08.24"]
[EventType "team-tourn"]
[EventCountry "MAR"]
[SourceTitle "playchess.com"]
[Source "ChessBase"]
[SourceQuality "1"]
[WhiteTeam "Botswana"]
[BlackTeam "Morocco"]
[WhiteTeamCountry "BOT"]
[BlackTeamCountry "MAR"]
[TimeControl "900+10"]

1. e4 c5 2. Nc3 d6 3. g3 Nf6 4. Bg2 e6 5. Nge2 Be7 6. d3 Nc6 7. O-O a6 8. a4 O-O 9. f4 Qc7 10. h3 Bd7 11. Kh2 Rfe8 12. g4 Kh8 13. Ng3 Nd4 14. Nce2 Rac8 15. c3 Nc6 16. Be3 b5 17. axb5 axb5 18. Qd2 Ra8 19. d4 Ra5 20. Rxa5 Nxa5 21. g5 Ng8 22. Qc2 c4 23. Bc1 Nb3 24. Be3 Ra8 25. Nc1 Nxc1 26. Qxc1 Ra2 27. f5 e5 28. d5 f6 29. g6 hxg6 30. Qb1 Qa5 31. fxg6 Be8 32. Qd1 Bxg6 33. Qg4 Bh7 34. Nf5 Bf8 35. Bc1 Qd8 36. Rf3 g6 37. Nh4 g5 38. Nf5 Nh6 39. Nxh6 Bxh6 40. Qh5 Bg7 41. h4 Ra8 42. Bh3 Qe8 43. Qg4 Qg6 44. hxg5 fxg5 45. Bxg5 Qxe4 46. Qxe4 Bxe4 47. Rf7 Bxd5 48. Rd7 1-0

[Event "African Games-chT 2019"]
[Site "Casablanca"]
[Date "2019.08.24"]
[Round "3.8"]
[White "Rania, Sbai"]
[Black "Gabatshwarwe Refilwe"]
[Result "1-0"]
[ECO "D45"]
[WhiteElo "1853"]
[BlackElo "1649"]
[Annotator "NA"]
[PlyCount "92"]
[EventDate "2019.08.24"]
[EventType "team-tourn"]
[EventCountry "MAR"]
[SourceTitle "playchess.com"]
[Source "ChessBase"]
[SourceQuality "1"]
[WhiteTeam "Morocco"]
[BlackTeam "Botswana"]
[WhiteTeamCountry "MAR"]
[BlackTeamCountry "BOT"]
[TimeControl "900+10"]

1. d4 d5 2. c4 c6 3. Nc3 Nf6 4. Nf3 e6 5. e3 Nbd7 6. Qc2 Be7 7. a3 a6 8. Bd3 dxc4 9. Bxc4 b5 10. Ba2 c5 11. O-O Bb7 12. Qe2 O-O 13. Rd1 Qc7 14. e4 cxd4 15. Nxd4 Nc5 16. e5 Nd5 17. Nxd5 Bxd5 18. Bxd5 exd5 19. Bf4 Ne6 20. Bg3 Rfd8 21. Nf5 Bf8 22. Rac1 Qb6 23. Qg4 g6 24. Nd6 Bxd6 25. exd6 d4 26. Be5 f5 27. Qh4 Qb7 28. Qf6 Qg7 29. Qxe6+ Qf7 30. Qxf7+ Kxf7 31. Rxd4 Rac8 32. Re1 Re8 33. h3 Rcd8 34. f4 Rd7 35. Rc1 Ke6 36. Rc6 g5 37. Rxa6 Rc8 38. Rd2 Rc4 39. Rf2 Re4 40. Rb6 b4 41. Rxb4 Re1+ 42. Kh2 gxf4 43. Bxf4 Kf6 44. Rc4 Ke6 45. Rc7 Rd1 46. Re2+ Kd5 1-0